AoeStats
← Voldur

Black Forest

510769368Analyzed
2v2 RM · 1d ago on Oct 2, 2026· 69m 40s· 4 players
Game mode
Random Map
Map size
Medium (4 player)
Population
200
Speed
Normal
Resources
Standard
Victory
Conquest
Starting age
Dark Age
Ending age
Imperial Age
RankedLock teamsTeams togetherTeam positionsShared explorationLock speedFull tech treeHidden civsTurbo modeCheats
Victory
Defeat
🇫🇷 Burgundians · France
707
+17
🇹🇷 Japanese · Türkiye
674
+18
🇪🇸 Britons · Spain
763
-19
🇪🇸 Romans · Spain
694
-16
DarkKnight41351
5:48 Loom
20:32 Feudal Age
27:14 Castle Age
25:01 Horse Collar
25:38 Double-Bit Axe
26:18 Stone Mining
27:02 Gold Mining
28:32 Heavy Plow
28:58 Padded Archer Armor
30:02 Leather Archer Armor
32:22 Gold Shaft Mining
32:59 Bow Saw
33:56 Scale Mail Armor
36:22 Wheelbarrow
35:42 Fletching
36:39 Chain Mail Armor
38:04 Hand Cart
42:04 Imperial Age
41:52 Forging
42:01 Town Watch
42:57 Yasama
43:41 Ring Archer Armor
44:44 Conscription
46:06 Plate Mail Armor
46:40 Kataparuto
50:01 Iron Casting
51:13 Ballistics
52:54 Two-Man Saw
54:09 Chemistry
56:40 Elite Samurai
57:34 Arson
59:15 Hoardings
61:22 Elite Skirmisher
Voldur
5:33 Double-Bit Axe
9:01 Horse Collar
12:02 Feudal Age
13:04 Bow Saw
12:59 Heavy Plow
19:21 Castle Age
17:50 Caravan
18:16 Gold Mining
21:01 Two-Man Saw
21:47 Guilds
24:30 Stone Mining
26:20 Wheelbarrow
26:21 Forging
26:11 Town Watch
26:13 Loom
26:58 Fervor
27:46 Gold Shaft Mining
27:47 Stone Shaft Mining
28:40 Hand Cart
28:40 Scale Barding Armor
29:15 Iron Casting
29:58 Town Patrol
30:34 Chain Barding Armor
33:30 Cavalier
34:10 Husbandry
38:03 Imperial Age
36:58 Burgundian Vineyards
38:04 Paladin
39:08 Conscription
38:20 Onager
40:27 Blast Furnace
40:03 Plate Barding Armor
41:29 Scale Mail Armor
41:29 Padded Archer Armor
41:20 Fletching
41:15 Treadmill Crane
41:59 Ballistics
42:40 Chemistry
41:25 Arrowslits
41:32 Guard Tower
41:53 Fortified Wall
41:39 Murder Holes
41:55 Masonry
42:27 Crop Rotation
63:38 Spies/Treason
70:13 Coinage
69:06 Capped Ram
70:25 Keep
70:12 Bombard Tower
AFRICANUS 58
0:44 Loom
18:28 Feudal Age
19:02 Horse Collar
19:36 Town Watch
20:22 Double-Bit Axe
21:44 Man-at-Arms
23:28 Forging
24:00 Gold Mining
24:23 Stone Mining
26:01 Fletching
26:12 Padded Archer Armor
26:13 Scale Mail Armor
29:59 Castle Age
30:17 Wheelbarrow
30:42 Town Patrol
33:03 Iron Casting
32:26 Bodkin Arrow
34:45 Long Swordsman
36:09 Chain Mail Armor
36:23 Squires
39:44 Bow Saw
42:39 Imperial Age
41:28 Leather Archer Armor
41:31 Heavy Plow
43:26 Hand Cart
44:24 Blast Furnace
44:33 Heavy Scorpion
46:21 Ballistas
51:09 Elite Centurion
65:06 Pikeman
El Magnànim
9:30 Loom
12:16 Feudal Age
12:45 Double-Bit Axe
16:33 Horse Collar
20:59 Wheelbarrow
23:08 Castle Age
21:17 Gold Mining
21:53 Fletching
22:04 Scale Mail Armor
23:19 Stone Mining
23:40 Padded Archer Armor
25:19 Gold Shaft Mining
25:58 Bow Saw
26:51 Forging
26:40 Bodkin Arrow
27:03 Chain Mail Armor
27:18 Chain Mail Armor
28:56 Hand Cart
29:51 Town Watch
29:43 Pikeman
30:48 Caravan
31:12 Leather Archer Armor
30:46 Elite Skirmisher
32:11 Town Patrol
32:35 Squires
37:21 Imperial Age
34:40 Treadmill Crane
35:13 Masonry
35:17 Fortified Wall
35:39 Ballistics
36:53 Iron Casting
36:34 Masonry
36:21 Murder Holes
38:26 Conscription
39:16 Two-Man Saw
38:58 Elite Longbowman
39:16 Halberdier
40:47 Fervor
40:39 Bracer
41:10 Plate Mail Armor
40:35 Gambesons
41:54 Chemistry
42:44 Architecture
43:33 Yeomen
43:15 Warwolf
43:56 Hoardings
Connection lost

Rejoining the realm…

Still unreachable

The connection could not be restored.

Session expired

The server has moved on; the page needs a fresh start.